cohdb
Replays
Latest Replays
All Replays
Popular Replays
Top Player Replays
Match Explorer
How It Works
Community
CoH3 Stats
Reddit
Sign in to upload your games and track your stats! →
Sign in with Steam
Match 44865724
Unlisted
Match 44865724
Overview
Messages
Build Orders
End
Kradschützen Motorcycle Team
250 Light Carrier
Construct Light Support Kompanie
Selects Panzerjäger Kommand Battlegroup
Selects Mine Fields
Combat Half-tracks
MG34 Team
MG34 Team
Fire Support Elements
Panzerjäger Mechanized Group
Vehicle Survival Package
Veteran Squad Leaders
Construct Panzerarmee Kommand
Panzerjäger Mechanized Group
Walking Stuka Rocket Launcher
Selects Defensive Positions
Selects Tank Busters
Selects Crew Shock Tactics
Selects Butterfly Bomb Drop
Crew Shock Tactics
Walking Stuka Rocket Launcher
Butterfly Bomb Drop
Panzerjäger Mechanized Group
Walking Stuka Rocket Launcher
Armored Reserves
一杆大长枪
LeaveANegativeComment
BES2
화나?너못하자나
Macho Man Randy Savage
Crappeur42
旧时光
Patton
0
0
Comments
sign in to comment!
No comments posted yet!